AoeStats
← Barnico

Arabia

510639401Analyzed
1v1 RM · 7h ago on Oct 1, 2026· 33m 24s· 2 players
Game mode
Random Map
Map size
Tiny (2 player)
Population
200
Speed
Normal
Resources
Standard
Victory
Conquest
Starting age
Dark Age
Ending age
Imperial Age
RankedLock teamsTeams togetherTeam positionsShared explorationLock speedFull tech treeHidden civsTurbo modeCheats
Victory
Defeat
🇨🇦 Ethiopians · Canada
1146
+14
🇦🇷 Khitans · Argentina
1110
-14
Barnico
4:03 Loom
9:50 Feudal Age
10:45 Double-Bit Axe
19:08 Castle Age
17:42 Stone Mining
18:35 Forging
18:25 Scale Mail Armor
22:27 Scale Mail Armor
31:47 Horse Collar
32:00 Town Watch
34:10 Wheelbarrow
DS_Yago
7:33 Loom
10:06 Feudal Age
11:18 Double-Bit Axe
15:09 Forging
22:04 Castle Age
20:36 Gold Mining
Connection lost

Rejoining the realm…

Still unreachable

The connection could not be restored.

Session expired

The server has moved on; the page needs a fresh start.